 Dungeon Crawl Stone Soup version 0.30-a0-1008-g30c9307041 (webtiles) character file.

Game seed: 14655872189742101416

24792 retardedninja the Fighter (level 13, -4/114 HPs)
             Began as a Naga Fighter on Apr 5, 2023.
             Was a Priest of Hepliaklqana.
             Slain by a dire elephant (24 damage)
             ... on level 2 of the Lair of Beasts.
             The game lasted 00:21:24 (16659 turns).

retardedninja the Fighter (Naga Fighter)           Turns: 16659, Time: 00:21:24

Health: -4/114     AC: 22    Str: 24    XL:     13   Next: 15%
Magic:  13/13      EV:  4    Int:  8    God:    Hepliaklqana [***...]
Gold:   1592       SH: 11    Dex: 11    Spells: 12/12 levels left

rFire   + . .      SeeInvis +    C - +4 broad axe (flame)
rCold   . . .      Faith    .    F - +0 kite shield
rNeg    . . .      Spirit   .    c - +1 plate armour
rPois   +          Reflect  .    o - +2 helmet
rElec   .          Rampage  .    A - +0 cloak
rCorr   .                        x - +1 pair of gloves
Will    +....                    (no barding) Stlth
                                 (no amulet)
HPRegen 0.39/turn                n - ring of protection from fire
MPRegen 0.13/turn                (no ring)

@: hasted, quick
A: reduced essence, AC +4, large, see invisible, deformed body, poison
resistance, slowness 2, spit poison 1, naga tail 2
a: Spit Poison, Renounce Religion, Recall Ancestor, Ancestor Identity,
Transference


You were on level 2 of the Lair of Beasts.
You worshipped Hepliaklqana.
Hepliaklqana was most pleased with you.
You visited 3 branches of the dungeon, and saw 14 of its levels.

You collected 2015 gold pieces.
You spent 423 gold pieces at shops.

Inventory:

Hand Weapons
 C - a +4 broad axe of flaming (weapon)
Missiles
 B - 2 throwing nets
Armour
 c - a +1 plate armour (worn)
 o - a +2 helmet (worn)
 x - a +1 pair of gloves (worn)
 A - a +0 cloak (worn)
 F - a +0 kite shield (worn)
Jewellery
 n - a ring of protection from fire (left hand)
 r - a +5 ring of evasion
 E - a ring of resist corrosion
 H - a +6 ring of dexterity
 I - a +6 ring of intelligence
Wands
 b - a wand of flame (13)
 f - a wand of charming (14)
 p - a wand of digging (6)
 v - a wand of iceblast (5)
Scrolls
 g - 5 scrolls of amnesia
 h - a scroll of summoning
 j - a scroll of magic mapping
 k - 5 scrolls of teleportation
 q - a scroll of vulnerability
 s - a scroll of immolation
 w - 5 scrolls of identify
 y - a scroll of enchant weapon
 G - a scroll of torment {unknown}
Potions
 a - a potion of attraction
 e - a potion of lignification
 i - a potion of haste
 l - 4 potions of flight
 m - 2 potions of heal wounds
 t - a potion of might
 u - 2 potions of mutation
 z - 9 potions of curing
 D - 2 potions of ambrosia
Miscellaneous
 d - a box of beasts (inert)


   Skills:
 + Level 11.5 Fighting
 + Level 11.2 Axes
 + Level 9.7 Armour
 + Level 10.5 Shields


You had 12 spell levels left.
You didn't know any spells.
Your spell library contained the following spells:

 Spells                   Type           Power      Damage    Failure   Level
 Apportation              Tloc           0%         N/A       100%        1
 Freeze                   Ice            0%         1d3       100%        1
 Shock                    Conj/Air       0%         1d3       100%        1
 Blink                    Tloc           0%         N/A       100%        2
 Ensorcelled Hibernation  Hex/Ice        0%         N/A       100%        2
 Lesser Beckoning         Tloc           0%         N/A       100%        2
 Momentum Strike          Conj/Tloc      0%         3d8       100%        2
 Passwall                 Tmut/Erth      0%         N/A       100%        2
 Frozen Ramparts          Ice            0%         1d1       100%        3
 Gell's Gravitas          Tloc           0%         N/A       100%        3
 Hailstorm                Conj/Ice       0%         3d3       100%        3
 Swiftness                Air            0%         N/A       100%        3
 Airstrike                Air            0%         2d(0-16)  100%        4
 Summon Ice Beast         Ice/Summ       0%         N/A       100%        4
 Summon Mana Viper        Hex/Summ       0%         N/A       100%        5
 Monstrous Menagerie      Summ           0%         N/A       100%        7
 Ignition                 Fire           0%         3d3       100%        8


Dungeon Overview and Level Annotations

Branches:
Dungeon (11/15)            Temple (1/1) D:7            Lair (2/5) D:10
    Orc (0/2) D:9
  Swamp: Lair:2-3    Shoals: Lair:2-3     Snake: Lair:2-3    Spider: Lair:2-3

Altars:
Ashenzari
Cheibriados
Dithmenos
Elyvilon
Fedhas
Gozag
Hepliaklqana
Kikubaaqudgha
Makhleb
Nemelex Xobeh
Okawaru
Qazlal
Ru
Sif Muna
Trog
Uskayaw
Vehumet
Wu Jian
Xom
Yredelemnul
Zin
The Shining One

Shops:
D:4 *   D:7 *   D:8 *


Innate Abilities, Weirdness & Mutations

Your life essence is reduced to manifest your ancestor. (-10% HP)
Your serpentine skin is tough. (AC +4)
You have supernaturally acute eyesight. (SInv)
Armour fits poorly on your strangely shaped body.
Your system is resistant to poisons. (rPois)
You cover ground very slowly.
You can spit poison.
You can use your snake-like lower body to constrict enemies.


Message History

You hit the dire elephant but do no damage.
The dire elephant is severely wounded.
You hit the cane toad. You burn the cane toad.
The cane toad stings you but does no damage.
The dire elephant tramples you but does no damage.
The dire elephant trunk-slaps you but does no damage.
Unknown command.
You slash the dire elephant! You burn the dire elephant.
The dire elephant is severely wounded.
You closely miss the cane toad.
The cane toad stings you but does no damage.
The dire elephant tramples you!
* * * LOW HITPOINT WARNING * * *
You hold your ground!
You block the dire elephant's attack.
Read: 2 scrolls of summoning
Press: ? - help, Q - select action, (/) - cycle Dir - look around, f - activate Look: a cane toad (heavily wounded)
As you read the scroll of summoning, it crumbles to dust.
Wisps of shadow whirl around you... Something bites your bullfrog!!
Something barely misses your bullfrog.
The cane toad stings you but does no damage.
You are confused.
You feel invigorated. The dire elephant tramples you!
* * * LOW HITPOINT WARNING * * *
You hold your ground!
The dire elephant trunk-slaps you but does no damage.
Something bites your bullfrog!
Your bullfrog dies!
Your bullfrog's corpse dissolves into shadows!
The cane toad stings you!
* * * LOW HITPOINT WARNING * * *
You are lethally poisoned!
The cane toad poisons you!
Your wolf splashes around in the water.
Your wolf bites the cane toad but does no damage.
Your wyvern closely misses the cane toad.
Your water moccasin bites the cane toad.
You feel better.
You feel less invigorated.
Your wolf bites the dire elephant.
Your wolf splashes around in the water.
Your wolf bites the black mamba.
The dire elephant tramples you!!
You die...

#≈≈...≈~....#######..~≈#
##..†~~≈≈......##††..≈≈#
#...≈≈≈≈≈~≈≈....†...~≈≈#
#..~≈≈≈≈≈≈≈≈~≈~††≈~≈≈≈≈#
#..~~≈≈≈≈≈≈≈≈≈≈≈≈≈≈≈≈≈##
##..≈≈≈≈≈h###≈≈≈≈≈≈####
#....≈h≈hSl.########
#.....≈lFY#.Fr$.(#
##.≈...Sh@#lh)$..#
###..#h≈###~#≈###
####### ## #


You could see a dire elephant (ally target), a komodo dragon, a black mamba
(distracted), a cane toad (ally target), a friendly water moccasin (summoned), a
friendly wyvern (summoned) and 5 friendly wolves.

Vanquished Creatures
  Gastronok (Lair:1)
  A fire dragon (D:10)
  2 two-headed ogres
  An alligator (Lair:2)
  Amaemon (Lair:2)
  An ugly thing (D:10)
  An orc knight (D:9)
  2 manticores
  2 elephants (Lair:1)
  An orange demon (Lair:2)
  3 cane toads
  2 gargoyles
  An unseen horror (D:10)
  A kobold demonologist (D:9)
  2 komodo dragons
  A rime drake (Lair:1)
  An efreet (D:10)
  3 trolls (D:11)
  A water elemental (D:11)
  A centaur simulacrum (D:10)
  2 wraiths (D:10)
  3 wyverns
  A shadow (D:10)
  3 basilisks
  20 yaks
  2 steam dragons
  A vampire mosquito (D:10)
  4 water moccasins
  An ice beast (D:7)
  2 orc warriors (D:9)
  A black bear (D:5)
  2 ogres (D:5)
  A wolf (Lair:2)
  2 centaurs
  A phantom (D:4)
  3 kobold brigands
  3 gnoll sergeants
  8 bullfrogs
  5 scorpions
  8 wights
  2 killer bees (D:10)
  2 electric eels (D:11)
  6 howler monkeys
  3 hounds
  13 orc priests
  2 gnoll boudas
  2 jellies
  An iguana (D:5)
  4 sleepcaps
  6 orc wizards
  A hell rat (Lair:2)
  12 gnolls
  7 adders
  2 shadow imps (D:7)
  4 white imps
  4 ufetubi
  2 worms
  A dart slug (D:1)
  23 orcs
  5 ball pythons
  9 endoplasms
  4 giant cockroaches
  12 goblins
  5 hobgoblins
  6 quokkas
  6 bats
  A frilled lizard (D:1)
  12 kobolds
  3 rats (D:1)
  A spectral orc (D:9)
263 creatures vanquished.

Vanquished Creatures (collateral kills)
  Josephine (D:10)
  A boulder beetle (D:10)
  An orc knight (D:10)
  2 ugly things
  2 elephants (Lair:1)
  A komodo dragon (D:11)
  Psyche (D:11)
  A yak (D:11)
  A slime creature (D:10)
  2 wraiths (D:10)
  2 wyverns (D:10)
  A steam dragon (D:9)
  2 orc warriors (D:9)
  2 kobold brigands
  2 bullfrogs
  A wight (D:10)
  4 electric eels (D:11)
  A howler monkey (D:11)
  An orc priest (D:9)
  An orc wizard (D:10)
  A gnoll (D:11)
  An orc (D:10)
32 creatures vanquished.

Vanquished Creatures (others)
  A meliai (D:10)
  5 knights
  3 ancestors (D:9)
  6 demonic plants (D:7)
  3 fungi
  15 plants
33 creatures vanquished.

Grand Total: 328 creatures vanquished

Notes
Turn   | Place    | Note
-------+----------+-------------------------------------------
     0 | D:1      | retardedninja the Naga Fighter began the quest for the Orb.
     0 | D:1      | Reached XP level 1. HP: 21/21 MP: 1/1
   103 | D:1      | HP: 1/21 [goblin/+0 club (1)]
   107 | D:1      | Reached XP level 2. HP: 4/28 MP: 2/2
   882 | D:1      | Reached XP level 3. HP: 34/34 MP: 3/3
  1103 | D:2      | Found a faded altar of an unknown god.
  1141 | D:2      | Found a stormy altar of Qazlal.
  1316 | D:2      | Reached XP level 4. HP: 42/42 MP: 4/4
  1833 | D:3      | Reached XP level 5. HP: 50/50 MP: 5/5
  2154 | D:4      | Found Genak's Assorted Antiques.
  2164 | D:4      | Found a bloodstained altar of Trog.
  2445 | D:4      | Reached XP level 6. HP: 29/57 MP: 6/6
  2951 | D:5      | Entered Level 5 of the Dungeon
  2999 | D:5      | Found a sacrificial altar of Ru.
  3014 | D:5      | Reached XP level 7. HP: 64/66 MP: 7/7
  3276 | D:5      | Reached skill level 5 in Fighting
  3702 | D:5      | Reached XP level 8. HP: 54/74 MP: 8/8
  3788 | D:5      | Identified a scroll of acquirement
  3788 | D:5      | Acquired 856 gold pieces
  4257 | D:6      | Found a shimmering blue altar of Sif Muna.
  4401 | D:6      | Reached skill level 5 in Axes
  4401 | D:6      | Reached skill level 5 in Shields
  4844 | D:7      | Found Modem's Hallowed Reliquary.
  4844 | D:7      | Noticed an angel
  4916 | D:7      | Found a shimmering altar of Xom.
  5101 | D:7      | Reached skill level 5 in Armour
  5632 | D:7      | Reached XP level 9. HP: 71/82 MP: 9/9
  5707 | D:7      | Found a staircase to the Ecumenical Temple.
  5738 | Temple   | Entered the Ecumenical Temple
  5738 | Temple   | Found a transporter.
  5738 | Temple   | Found a transporter.
  5740 | Temple   | Found a transporter.
  5740 | Temple   | Found a transporter.
  5759 | Temple   | Became a worshipper of Hepliaklqana the Forgotten
  5901 | D:7      | Bought a potion of curing for 30 gold pieces
  5901 | D:7      | Bought a potion of curing for 30 gold pieces
  6913 | D:8      | Reached * piety under Hepliaklqana
  7156 | D:8      | Found Saliehyf's General Store.
  7163 | D:8      | Bought a +3 heavy broad axe for 363 gold pieces
  7430 | D:8      | Found a stormy altar of Qazlal.
  7626 | D:8      | Identified the +0 chain mail of Gravity {-Tele Harm Int+2}
  7867 | D:9      | Reached XP level 10. HP: 60/84 MP: 10/10
  7967 | D:9      | Found a radiant altar of Vehumet.
  8073 | D:9      | Found a staircase to the Orcish Mines.
  8075 | D:9      | Noticed a kobold demonologist
  8435 | D:9      | Killed a kobold demonologist
  9206 | D:9      | Found a hide-covered altar of Uskayaw.
  9394 | D:9      | Found a basalt altar of Yredelemnul.
  9444 | D:10     | Entered Level 10 of the Dungeon
  9479 | D:10     | Reached ** piety under Hepliaklqana
  9480 | D:10     | Remembered your ancestor stephen hawking as a knight
  9574 | D:10     | Noticed an unseen horror
  9575 | D:10     | Killed an unseen horror
  9604 | D:10     | Noticed an orc knight
  9608 | D:10     | Noticed an orc knight
  9837 | D:9      | Killed an orc knight
  9943 | D:10     | Killed an orc knight
  9944 | D:10     | Reached XP level 11. HP: 35/93 MP: 11/11
 10036 | D:10     | Noticed Josephine
 10304 | D:10     | Killed Josephine
 10611 | D:10     | Noticed a fire dragon
 10611 | D:10     | Noticed a white ugly thing
 10611 | D:10     | Noticed a red ugly thing
 10915 | D:9      | Killed a red ugly thing
 10953 | D:10     | Killed a fire dragon
 10984 | D:10     | Noticed a two-headed ogre
 10990 | D:10     | Killed a two-headed ogre
 11002 | D:10     | Identified the +1 ring mail of Wuicim {Fly}
 11105 | D:10     | Noticed a boulder beetle
 11232 | D:10     | Killed a red ugly thing
 11532 | D:10     | Got the Secrets of Space and Embers
 11596 | D:10     | Killed a boulder beetle
 11693 | D:10     | Reached skill level 10 in Fighting
 11759 | D:10     | Found a staircase to the Lair.
 11946 | D:10     | Found an ornate altar of the Wu Jian Council.
 12210 | D:11     | Noticed a two-headed ogre
 12222 | D:11     | Killed a two-headed ogre
 12223 | D:11     | Reached XP level 12. HP: 54/104 MP: 12/12
 13104 | D:11     | Noticed Psyche
 13113 | D:11     | Killed Psyche
 13114 | D:11     | Reached skill level 10 in Axes
 14859 | Lair:1   | Entered Level 1 of the Lair of Beasts
 15226 | Lair:1   | Noticed Gastronok
 15240 | Lair:1   | Killed Gastronok
 15241 | Lair:1   | Reached skill level 10 in Shields
 15912 | Lair:1   | Reached *** piety under Hepliaklqana
 16249 | Lair:2   | Noticed Amaemon
 16264 | Lair:2   | Killed Amaemon
 16414 | Lair:2   | Gained mutation: You can use your snake-like lower body to
                  | constrict enemies. [Naga growth]
 16414 | Lair:2   | Reached XP level 13. HP: 114/114 MP: 13/13
 16634 | Lair:2   | Noticed a dire elephant
 16659 | Lair:2   | Slain by a dire elephant

Illustrated notes

Levels and vault maps discovered:
D:1:      onia_arrival_pentagram, layout_basic, chequers_serial_rivers_micro_c
D:2:      layout_rooms, basic_altar, hellmonk_ecumenical_altar_zigzags,
          kennysheep_nondescript
D:3:      layout_rooms
D:4:      layout_basic, amcnicky_altar_gilded, serial_shops,
          nicolae_shop_statue_plus
D:5:      layout_rooms, nicolae_overflow_crystal_walls
D:6:      layout_rooms, nicolae_sif_muna_condensation, serial_rivers,
          chequers_serial_rivers_large_a, chequers_serial_rivers_micro_c,
          chequers_serial_rivers_room_b, chequers_serial_rivers_room_a,
          chequers_serial_rivers_micro_e
D:7:      layout_gridville, lemuel_coloured_pillars_altar,
          minmay_temple_entry_gardened_gates, serial_demonic, serial_demonic_f,
          serial_demonic_c, serial_demonic_c, serial_demonic_e, enter_bailey_3,
          nicolae_good_shop
D:8:      layout_layer_cave, mainiacjoe_overflow_alcove_1, serial_shops, shop
D:9:      layout_cave_pools, nicolae_overflow_hidden_temple,
          yredelemnul_forgotten_temple_becter, marbit_many_paths, david_orc_3
D:10:     minmay_the_grid_4x2 [minmay_the_grid_dragon_a,
          minmay_the_grid_stretched_grid, minmay_the_grid_odd_star,
          minmay_the_grid_expand, minmay_the_grid_diamond_grid,
          minmay_the_grid_garden, minmay_the_grid_gridbox,
          minmay_the_grid_prize_big_room], layout_stronghold,
          nicolae_wu_jian_immortal_techniques, uniq_josephine
D:11:     layout_basic, uniq_psyche
Temple:   hellmonk_temple_divided_pantheon
Lair:1:   layout_loops_ring, gauntlet_entry_generic, minivault_27,
          uniq_gastronok
Lair:2:   nzn_winding_woodlands_stair_cross [nzn_winding_woodlands_5x15_cabin,
          nzn_winding_woodlands_center_diamonds,
          nzn_winding_woodlands_5x15_pockets, nzn_winding_woodlands_5x5_default,
          nzn_winding_woodlands_5x5_perimeter,
          nzn_winding_woodlands_5x15_sawtooth,
          nzn_winding_woodlands_center_triple_pond,
          nzn_winding_woodlands_5x15_eye], layout_chaotic_city,
          minmay_shoals_entry_hut, lightli_volcano_entry_magma_tube,
          st_stairs_10, nicolae_lair_lakeside_cave, uniq_amaemon

Skill      XL: |  1  2  3  4  5  6  7  8  9 10 11 12 |
---------------+-------------------------------------+-----
Shields        | 3 4 5 6 8 9 10 | 10.5
Armour         | 3 4 5 6 7 8 9 |  9.7
Axes           | 3 4 5 7 8 9 11 | 11.2
Fighting       | 4 5 6 7 8 10 11 | 11.5

Action                     |  1- 3 |  4- 6 |  7- 9 | 10-12 | 13-15 || total
---------------------------+-------+-------+-------+-------+-------++-------
  Melee: War axe           |    93 |   126 |   253 |       |       ||   472
         Broad axe         |       |       |    12 |   376 |    32 ||   420
         Constrict         |       |       |       |       |     7 ||     7
 Invoke: Ancestor Life: Kn |       |       |       |     1 |       ||     1
         Ancestor Identity |       |       |       |     1 |       ||     1
         Recall Ancestor   |       |       |       |     1 |       ||     1
Ability: Spit Poison       |       |       |       |     1 |       ||     1
  Evoke: Wand              |       |       |       |    12 |       ||    12
         Box of beasts     |       |       |       |       |     1 ||     1
    Use: Potion            |     1 |       |     4 |     3 |     5 ||    13
         Scroll            |       |       |    21 |    10 |     1 ||    32
   Stab: Distracted        |       |       |       |     1 |       ||     1
 Armour: Scale mail        |    43 |    67 |    89 |       |       ||   199
         Skin              |     1 |       |       |       |       ||     1
         Chain mail        |       |       |   190 |     4 |       ||   194
         Plate armour      |       |       |       |   269 |    39 ||   308
  Dodge: Dodged            |    44 |    56 |   116 |    64 |     8 ||   288
  Block: Buckler           |    16 |    33 |    99 |       |       ||   148
         Kite shield       |       |       |       |   227 |    23 ||   250

Table legend: (Time is in decaauts)
 A = Elapsed time spent in this place.
 B = Non-inter-level travel time spent in this place.
 C = Inter-level travel time spent in this place.
 D = Time resting spent in this place.
 E = Time spent auto-exploring this place.
 F = Levels seen in this place.
 G = Mean time per level.
                   A        B        C        D        E       F      G
               +--------+--------+--------+--------+--------+-----+--------+
         Total |  19846 |  19256 |    590 |   5417 |  11043 |  14 | 1417.6 |
       Dungeon |  17651 |  17072 |    579 |   4797 |   9787 |  11 | 1604.6 |
        Temple |     61 |     50 |     11 |      0 |     14 |   1 |   61.0 |
          Lair |   2133 |   2133 |      0 |    620 |   1242 |   2 | 1066.5 |
               +--------+--------+--------+--------+--------+-----+--------+

Top non-repeatable levels by time:
    D:11: 3001 daAuts
     D:8: 2973 daAuts
     D:9: 2370 daAuts
    D:10: 2083 daAuts
  Lair:1: 1663 daAuts
     D:7: 1349 daAuts
     D:1: 1211 daAuts
     D:6: 1161 daAuts
     D:4: 1081 daAuts
     D:5: 1001 daAuts
     D:2: 874 daAuts
     D:3: 542 daAuts
  Lair:2: 470 daAuts
  Temple: 61 daAuts
